[Event "94th Tradewise Hastings Congress"]
[Site "Hastings"]
[Date "2018.12.30"]
[Round "3"]
[White "Sugden, John N"]
[Black "Payne, Matthew J"]
[Result "1/2-1/2"]
[ECO "C02"]
[WhiteElo "2072"]
[BlackElo "2182"]
[Annotator "NA"]
[PlyCount "62"]
[EventDate "2018.12.28"]
[EventType "swiss"]
[EventCountry "ENG"]
[SourceTitle "playchess.com"]
[Source "ChessBase"]
[SourceQuality "1"]
[TimeControl "40/6000+30:3000+30"]

1. e4 e6 2. d4 d5 3. e5 c5 4. c3 Nc6 5. Nf3 Nh6 6. Bd3 f6 7. Bxh6 gxh6 8. O-O cxd4 9. cxd4 Bg7 10. Nc3 O-O 11. Qe2 Bd7 12. Rad1 Be8 13. Bb1 fxe5 14. Nxe5 Nxe5 15. dxe5 Qg5 16. Rfe1 Bh5 17. Qd3 Bxd1 18. Qxh7+ Kf7 19. Nxd1 Rh8 20. Qd3 Bxe5 21. Qe2 Rhg8 22. g3 Rac8 23. Nc3 Rgd8 24. Qxe5 Qxe5 25. Rxe5 d4 26. Ne2 d3 27. Nc3 d2 28. Bc2 Rxc3 29. bxc3 d1=Q+ 30. Bxd1 Rxd1+ 31. Kg2 b6 1/2-1/2

[Event "94th Tradewise Hastings Congress"]
[Site "Hastings"]
[Date "2018.12.30"]
[Round "3"]
[White "Barton, R Alan"]
[Black "Faulks, Nick"]
[Result "1-0"]
[ECO "A48"]
[WhiteElo "2037"]
[BlackElo "1917"]
[Annotator "NA"]
[PlyCount "69"]
[EventDate "2018.12.28"]
[EventType "swiss"]
[EventCountry "ENG"]
[SourceTitle "playchess.com"]
[Source "ChessBase"]
[SourceQuality "1"]
[TimeControl "40/6000+30:3000+30"]

1. Nf3 Nf6 2. d4 c5 3. e3 g6 4. Be2 Bg7 5. O-O O-O 6. c3 d6 7. Nbd2 Nc6 8. Re1 e5 9. dxe5 dxe5 10. e4 Qc7 11. Qc2 b6 12. a4 Bb7 13. Nc4 a6 14. Bg5 h6 15. Bxf6 Bxf6 16. Rad1 Rad8 17. Nfd2 Bg7 18. Qb3 Rb8 19. Qxb6 Qe7 20. Qb3 Bc8 21. Qc2 f5 22. Ne3 f4 23. Nd5 Qf7 24. Nc4 Rd8 25. a5 g5 26. f3 Be6 27. Qa4 Na7 28. Ncb6 Nb5 29. Bxb5 axb5 30. Qxb5 g4 31. Qe2 gxf3 32. gxf3 Qa7 33. b4 cxb4 34. cxb4 Bf8 35. Kh1 1-0

[Event "94th Tradewise Hastings Congress"]
[Site "Hastings"]
[Date "2018.12.30"]
[Round "3"]
[White "Midhun, P U"]
[Black "Ratnesan, Ranesh"]
[Result "1-0"]
[ECO "D11"]
[WhiteElo "2010"]
[BlackElo "2055"]
[Annotator "NA"]
[PlyCount "105"]
[EventDate "2018.12.28"]
[EventType "swiss"]
[EventCountry "ENG"]
[SourceTitle "playchess.com"]
[Source "ChessBase"]
[SourceQuality "1"]
[TimeControl "40/6000+30:3000+30"]

1. Nf3 d5 2. d4 Nf6 3. g3 Bf5 4. Bg2 e6 5. O-O Bd6 6. c4 c6 7. Nc3 O-O 8. Nd2 Nbd7 9. e4 dxe4 10. Ndxe4 Nxe4 11. Nxe4 Bxe4 12. Bxe4 e5 13. d5 c5 14. Qc2 g6 15. b3 f5 16. Bg2 e4 17. f3 Be5 18. Bb2 exf3 19. Bxf3 Qf6 20. Bxe5 Nxe5 21. Rae1 Rae8 22. Qc3 Kf7 23. Kg2 Re7 24. g4 Nxg4 25. Rxe7+ Kxe7 26. Re1+ Kd7 27. Qa5 Qd6 28. Bxg4 fxg4 29. Qxa7 Qc7 30. Qa4+ Kd8 31. Qa8+ Qc8 32. Qa5+ Kd7 33. Qb5+ Kd8 34. Qb6+ Qc7 35. Qxc7+ Kxc7 36. Re7+ Kd6 37. Rxh7 b5 38. cxb5 Rb8 39. a4 Kxd5 40. Rd7+ Ke6 41. Rc7 Kd5 42. Kg3 Rh8 43. Kxg4 Rxh2 44. a5 Rg2+ 45. Kf4 g5+ 46. Kf5 Rf2+ 47. Kxg5 Rg2+ 48. Kf6 Rb2 49. Rd7+ Ke4 50. a6 Rxb3 51. a7 Ra3 52. b6 c4 53. b7 1-0

[Event "94th Tradewise Hastings Congress"]
[Site "Hastings"]
[Date "2018.12.30"]
[Round "3"]
[White "Song, Jinwoo"]
[Black "Miller, Dominic"]
[Result "0-1"]
[ECO "C02"]
[WhiteElo "1907"]
[BlackElo "2061"]
[Annotator "NA"]
[PlyCount "63"]
[EventDate "2018.12.28"]
[EventType "swiss"]
[EventCountry "ENG"]
[SourceTitle "playchess.com"]
[Source "ChessBase"]
[SourceQuality "1"]
[TimeControl "40/6000+30:3000+30"]

1. e4 e6 2. d4 d5 3. e5 c5 4. c3 Nc6 5. Nf3 Qb6 6. Be2 cxd4 7. cxd4 Nh6 8. b3 Bb4+ 9. Kf1 Nf5 10. Bb2 Bd7 11. g4 Nh6 12. h3 f6 13. exf6 gxf6 14. Nc3 Ne7 15. Bd3 Nf7 16. Ne2 Bd6 17. Qd2 O-O-O 18. Bc3 Nc6 19. b4 Bxb4 20. Rb1 Bxc3 21. Nxc3 Qa5 22. Kg2 h5 23. g5 fxg5 24. Rhc1 Kb8 25. Qb2 b6 26. Nb5 g4 27. Ne5 gxh3+ 28. Kh2 Ncxe5 29. dxe5 Bxb5 30. Bxb5 d4 31. Qe2 Qa3 32. Rb3 0-1

[Event "94th Tradewise Hastings Congress"]
[Site "Hastings"]
[Date "2018.12.30"]
[Round "3"]
[White "Chapman, Matt"]
[Black "Norinkeviciute, Rasa"]
[Result "1-0"]
[ECO "B90"]
[WhiteElo "1902"]
[BlackElo "2028"]
[Annotator "NA"]
[PlyCount "125"]
[EventDate "2018.12.28"]
[EventType "swiss"]
[EventCountry "ENG"]
[SourceTitle "playchess.com"]
[Source "ChessBase"]
[SourceQuality "1"]
[TimeControl "40/6000+30:3000+30"]

1. e4 c5 2. Nf3 d6 3. d4 cxd4 4. Nxd4 Nf6 5. Nc3 a6 6. h3 e5 7. Nde2 h5 {[%emt 0:00:19] B90: Sicilian Najdorf: Unusual White 6th moves, 6 Be3 Ng4 and 6 Be3 e5} (7... b5 8. Ng3 Nbd7 9. Bg5 h6 10. Be3 Bb7 11. Bd3 h5 12. Bg5 g6 13. O-O Be7 14. a3 h4 15. Nge2 Nc5 16. Bxf6 Bxf6 {1-0 (48) Dominguez Perez,L (2739)-Vachier Lagrave,M (2779) chess.com INT 2018}) 8. Bg5 Be6 9. Bxf6 Qxf6 10. Nd5 Qd8 11. Nec3 Nd7 12. Bc4 Rc8 13. Bb3 Nc5 14. O-O g6 15. Qe2 $146 ({Predecessor:} 15. f4) 15... Bh6 16. Bc4 b5 17. Bd3 O-O 18. a4 Bxd5 19. Nxd5 bxa4 20. c3 Ra8 21. Bc2 Qh4 22. Kh2 Rfb8 23. Bxa4 Kg7 24. Rfe1 f5 25. Bc6 Ra7 26. exf5 gxf5 27. Nb4 a5 28. Bf3 Kg6 29. g3 Qd8 30. Nc6 Qc7 31. Nxa7 Qxa7 32. b4 Nb3 33. Ra3 a4 34. Bxh5+ Kf6 35. Qa2 Nc1 36. Rxc1 Bxc1 37. Rxa4 Qg7 38. Ra7 Rb7 39. Rxb7 Qxb7 40. Qg8 Qg7 41. Qc4 Qa7 42. Kg2 Qa8+ 43. Kg1 Qb7 44. Qg8 e4 45. Qg6+ Ke5 46. g4 Qd7 47. Qg8 d5 48. Qh8+ Kd6 49. Qd4 Qc8 (49... Qe7 {is a better defense.} 50. Qc5+ Ke6) 50. b5 Bg5 $2 (50... fxg4 51. Qf6+ Qe6 52. Qd8+ Kc5 53. Bxg4 Qg6) 51. gxf5 Qc5 52. Qg7 Bh4 $18 53. Qf8+ Be7 54. Qh6+ Ke5 55. Qe6+ Kf4 56. f6 Bf8 57. Qc6 e3 58. Qxc5 Bxc5 59. f7 exf2+ 60. Kf1 Kg5 61. b6 Kf6 62. b7 Bd6 63. f8=Q+ 1-0

[Event "94th Tradewise Hastings Congress"]
[Site "Hastings"]
[Date "2018.12.30"]
[Round "3"]
[White "Metcalfe, Charlie P"]
[Black "Heinsohn, Michael"]
[Result "0-1"]
[ECO "D91"]
[WhiteElo "1797"]
[BlackElo "1961"]
[Annotator "NA RC"]
[PlyCount "112"]
[EventDate "2018.12.28"]
[EventType "swiss"]
[EventCountry "ENG"]
[SourceTitle "playchess.com"]
[Source "ChessBase"]
[SourceQuality "1"]
[TimeControl "40/6000+30:3000+30"]

1. d4 Nf6 2. c4 g6 3. Nc3 d5 4. Bg5 Ne4 5. Bh4 Nxc3 6. bxc3 Bg7 7. e3 c5 8. cxd5 cxd4 9. cxd4 Qxd5 10. Nf3 Nc6 11. Be2 O-O 12. O-O b6 13. Qa4 Bd7 14. Qb5 Qd6 15. Bg3 Nxd4 16. Nxd4 Bxb5 17. Bxd6 Bxe2 18. Rfe1 exd6 19. Rxe2 Rac8 20. Rd2 Rc4 21. Rad1 Bxd4 22. Rxd4 Rxd4 23. Rxd4 Rc8 24. g3 Rc2 25. a4 Ra2 26. Kg2 Kf8 27. g4 Ke7 28. Kg3 Rb2 29. Rd5 Ke6 30. Rd4 a5 31. Re4+ Kd7 32. Rf4 f6 33. Rxf6 Ke7 34. Rf4 Kd7 35. Rf6 Ke7 36. g5 Rb4 37. h4 Rxa4 38. h5 gxh5 39. Rh6 Rg4+ 40. Kh3 Rxg5 41. Rxh7+ Ke6 42. e4 Re5 43. Rh6+ Kd7 44. f3 a4 45. Kg3 a3 46. Rh7+ Kc6 47. f4 a2 48. fxe5 a1=Q 49. exd6 Qe5+ 50. Kf3 Kxd6 51. Rf7 h4 52. Rf5 Qg3+ 53. Ke2 h3 54. Rd5+ Kc6 55. Rd3 Qxd3+ 56. Kf2 Qxe4 0-1

[Event "94th Tradewise Hastings Congress"]
[Site "Hastings"]
[Date "2018.12.30"]
[Round "3"]
[White "Gu, In Jung"]
[Black "Byrn, Carsten"]
[Result "1-0"]
[ECO "B40"]
[WhiteElo "1794"]
[BlackElo "1959"]
[Annotator "NA"]
[PlyCount "67"]
[EventDate "2018.12.28"]
[EventType "swiss"]
[EventCountry "ENG"]
[SourceTitle "playchess.com"]
[Source "ChessBase"]
[SourceQuality "1"]
[TimeControl "40/6000+30:3000+30"]

1. e4 c5 2. Nf3 e6 3. d3 b5 4. g3 Bb7 5. Bg2 a6 6. O-O d6 7. Qe2 Qc7 8. a4 b4 9. Nbd2 Nd7 10. b3 Ngf6 11. Bb2 e5 12. Nh4 g6 13. f4 Bg7 14. fxe5 dxe5 15. Nc4 O-O 16. Bh3 Rfe8 17. Rf2 Nh5 18. Bxd7 Qxd7 19. Nb6 Qe6 20. Nxa8 Rxa8 21. Raf1 f6 22. Bc1 Bc8 23. Nf5 gxf5 24. Qxh5 fxe4 25. dxe4 Bb7 26. Bh6 Bxe4 27. Bxg7 Kxg7 28. Rxf6 Qxf6 29. Rxf6 Kxf6 30. Qh4+ Kf5 31. Qxh7+ Kf6 32. Qxe4 Re8 33. h4 Rg8 34. g4 1-0

[Event "94th Tradewise Hastings Congress"]
[Site "Hastings"]
[Date "2018.12.31"]
[Round "4"]
[White "Lalic, Bogdan"]
[Black "Taylor, Adam C"]
[Result "1-0"]
[ECO "D37"]
[WhiteElo "2420"]
[BlackElo "2331"]
[Annotator "RC"]
[PlyCount "51"]
[EventDate "2018.12.28"]
[EventType "swiss"]
[EventCountry "ENG"]
[SourceTitle "playchess.com"]
[Source "ChessBase"]
[SourceQuality "1"]
[TimeControl "40/6000+30:3000+30"]

1. d4 Nf6 2. c4 e6 3. Nf3 d5 4. Nc3 Be7 5. Bg5 h6 6. Bxf6 Bxf6 7. Qb3 dxc4 8. Qxc4 O-O 9. e4 b6 10. O-O-O Ba6 11. Qa4 Bxf1 12. Rhxf1 Qd7 13. Qxd7 Nxd7 14. e5 Be7 15. d5 Nc5 16. Nd4 Rfe8 17. Nc6 f6 18. d6 cxd6 19. exd6 Bd8 20. d7 Rf8 21. b4 Na6 22. Nb5 Nc7 23. Nxd8 Nxb5 24. Nxe6 Rfd8 25. Kb2 Kf7 26. Rfe1 1-0

[Event "94th Tradewise Hastings Congress"]
[Site "Hastings"]
[Date "2018.12.31"]
[Round "4"]
[White "Payne, Matthew J"]
[Black "Larsen, Andreas"]
[Result "1-0"]
[ECO "B01"]
[WhiteElo "2182"]
[BlackElo "1933"]
[Annotator "ChessBase"]
[PlyCount "35"]
[EventDate "2018.12.28"]
[EventType "swiss"]
[EventCountry "ENG"]
[SourceTitle "playchess.com"]
[Source "ChessBase"]
[SourceQuality "1"]
[TimeControl "40/6000+30:3000+30"]

1. e4 d5 2. exd5 Nf6 3. d4 Nxd5 4. Nf3 Bf5 5. Bd3 Bxd3 6. Qxd3 Nc6 7. a3 Qd6 8. c4 Nf4 9. Qe4 Ne6 10. Be3 f5 11. Qxf5 Nexd4 12. Nxd4 Nxd4 13. Bxd4 Qxd4 14. Nc3 g6 15. Qb5+ c6 16. Qxb7 Qe5+ 17. Ne2 Bh6 18. Qxa8+ 1-0

[Event "94th Tradewise Hastings Congress"]
[Site "Hastings"]
[Date "2018.12.31"]
[Round "4"]
[White "Brown, Thomas"]
[Black "Spanton, Tim R"]
[Result "1-0"]
[ECO "D02"]
[WhiteElo "2068"]
[BlackElo "1954"]
[Annotator "NA RC"]
[PlyCount "77"]
[EventDate "2018.12.28"]
[EventType "swiss"]
[EventCountry "ENG"]
[SourceTitle "playchess.com"]
[Source "ChessBase"]
[SourceQuality "1"]
[TimeControl "40/6000+30:3000+30"]

1. Nf3 Nc6 2. d4 d5 3. e3 Bg4 4. Bb5 Nf6 {[%emt 0:00:41] D02: 1 d4 d5 2 Nf3 sidelines, including 2...Nf6 3 g3 and 2...Nf6 3 Bf4} 5. h3 Bxf3 6. Qxf3 a6 7. Bxc6+ bxc6 8. c4 e6 9. O-O Ne4 $146 ({Predecessor:} 9... c5 10. dxc5 Bxc5 11. cxd5 exd5 12. b3 {½-½ (67) Ruck,R (2571)-Dinstuhl,V (2401) Germany 2013}) 10. Nc3 Nxc3 11. bxc3 f5 12. cxd5 cxd5 13. c4 c6 14. Bd2 Bd6 15. Rab1 Rb8 16. Qe2 O-O 17. c5 Bc7 18. Rxb8 Qxb8 19. Qxa6 Qa8 20. Qxa8 Rxa8 21. Ra1 Ra4 22. f4 Kf7 23. Kf1 g5 24. fxg5 e5 (24... Kg6 $1 $14) 25. Rb1 Rxa2 $2 (25... Bd8 $16 {was worth a try.}) 26. Rb7 $1 Rxd2 27. Rxc7+ Kg6 28. dxe5 d4 29. Rxc6+ Kxg5 30. exd4 Rxd4 $18 31. Re6 f4 32. c6 Rc4 33. Ke2 Kf5 34. Kd3 Rc1 35. Rh6 Kxe5 36. Rxh7 Rd1+ 37. Kc2 Rd6 38. c7 Rc6+ 39. Kd3 1-0

[Event "94th Tradewise Hastings Congress"]
[Site "Hastings"]
[Date "2018.12.31"]
[Round "4"]
[White "Miller, Dominic"]
[Black "Peek, Marcel"]
[Result "0-1"]
[ECO "B33"]
[WhiteElo "2061"]
[BlackElo "2293"]
[Annotator "ChessBase"]
[PlyCount "62"]
[EventDate "2018.12.28"]
[EventType "swiss"]
[EventCountry "ENG"]
[SourceTitle "playchess.com"]
[Source "ChessBase"]
[SourceQuality "1"]
[TimeControl "40/6000+30:3000+30"]

1. e4 c5 2. Nf3 Nc6 3. d4 cxd4 4. Nxd4 Nf6 5. Nc3 e5 6. Ndb5 d6 7. Bg5 a6 8. Na3 b5 9. Nd5 Be7 10. Bxf6 Bxf6 11. c3 Ne7 12. Nxf6+ gxf6 13. Nc2 Bb7 14. Bd3 d5 15. exd5 Qxd5 16. Ne3 Qe6 17. a4 Rd8 18. Qc2 e4 19. Be2 O-O 20. axb5 axb5 21. Bxb5 f5 22. Qe2 Ng6 23. g3 Ne5 24. Qh5 Nf3+ 25. Kf1 Kh8 26. Qxf5 Qxf5 27. Nxf5 Rd5 28. Ra7 Bc8 29. Nh6 Kg7 30. Nxf7 Rxf7 31. Rxf7+ Kxf7 0-1

[Event "94th Tradewise Hastings Congress"]
[Site "Hastings"]
[Date "2018.12.31"]
[Round "4"]
[White "Comellas Blanchart, Jordi"]
[Black "Royal, Shreyas"]
[Result "1-0"]
[ECO "E69"]
[WhiteElo "2055"]
[BlackElo "1930"]
[Annotator "NA RC"]
[PlyCount "119"]
[EventDate "2018.12.28"]
[EventType "swiss"]
[EventCountry "ENG"]
[SourceTitle "playchess.com"]
[Source "ChessBase"]
[SourceQuality "1"]
[TimeControl "40/6000+30:3000+30"]

1. d4 Nf6 2. c4 g6 3. g3 Bg7 4. Bg2 O-O 5. Nc3 d6 6. Nf3 Nbd7 7. O-O e5 8. e4 c6 9. h3 Qa5 10. Re1 exd4 11. Nxd4 Ne5 12. Bf1 Qb6 {[%emt 0:05:16] E69: King's Indian: Fianchetto: 6...Nbd7 7 0-0 e5 8 e4 c6 9 h3} 13. Nb3 Be6 14. Be3 c5 15. Nd5 Bxd5 16. exd5 Rae8 {[%emt 0:00:06] LiveBook: 5 Games} 17. Rc1 (17. Kg2 Re7 18. Qc2 Rfe8 19. Bd2 Qd8 20. a4 {0-1 (38) Howell,D (2676)-McShane,L (2640) London 2017}) 17... Qb4 $146 ({Predecessor:} 17... Re7 18. Bg2 Rfe8 19. Qc2 Nh5 20. g4 {1-0 (56) Lalith,B (2529)-Akash,G (2391) New Delhi 2018}) 18. Kg2 Qb6 19. Qc2 Re7 $2 {[%emt 0:01:42] [#]} ({Better is} 19... Ned7 $14) 20. Nd2 $2 (20. f4 $1 $18) 20... Rfe8 21. Rb1 Qc7 22. a3 Ned7 23. Rec1 b5 24. b3 Nb6 25. Bd3 Nfd7 26. Bg5 f6 27. Bf4 f5 28. Nf3 bxc4 29. bxc4 Ne5 30. Bg5 Rf7 31. Re1 Ref8 32. Be2 h6 33. Bd2 g5 34. Rf1 Qe7 35. Rbe1 Qf6 ({Better is} 35... Nxf3 $14 36. Bxf3 Be5) 36. Bc3 (36. Nxe5 $16 dxe5 37. Bh5) 36... Qg6 37. Nxe5 dxe5 38. g4 ({White should try} 38. f3 $16) 38... Qd6 (38... e4 $11) 39. gxf5 Rxf5 40. Bg4 (40. Bd2 $16) 40... Rf4 41. Be6+ Kh8 42. Re4 Nxc4 43. Qe2 Rxe4 44. Qxe4 Rf4 45. Qg6 Qf8 46. Qd3 Nd6 47. Qe2 e4 48. Qb2 Kh7 49. Bxg7 $1 Qxg7 50. Qb8 Nc4 $2 {[%emt 0:00:00] [#]} (50... Nf7 $11 {and Black has nothing to worry.}) 51. d6 $1 Nb6 52. Qc7 Rf8 53. d7 ({But not} 53. Qxc5 $6 Qf6 $16) 53... Na8 $18 (53... Nxd7 54. Qxd7 (54. Bxd7 Rf7 $18) 54... Qxd7 55. Bxd7 Rf3) 54. Qxc5 Nb6 55. Rd1 Rd8 56. Qf5+ Qg6 57. Qe5 Qg7 58. Bf5+ Kh8 59. Qe8+ Qg8 60. Qe7 1-0

[Event "94th Tradewise Hastings Congress"]
[Site "Hastings"]
[Date "2018.12.31"]
[Round "4"]
[White "Fryer, David W"]
[Black "Stoyanov, Viktor"]
[Result "0-1"]
[ECO "A07"]
[WhiteElo "1932"]
[BlackElo "2205"]
[Annotator "ChessBase"]
[PlyCount "44"]
[EventDate "2018.12.28"]
[EventType "swiss"]
[EventCountry "ENG"]
[SourceTitle "playchess.com"]
[Source "ChessBase"]
[SourceQuality "1"]
[TimeControl "40/6000+30:3000+30"]

1. Nf3 d5 2. g3 c6 3. Bg2 Bg4 4. O-O e6 5. d3 Nd7 6. Nbd2 Bd6 7. e4 Ne7 8. Qe1 O-O 9. h4 e5 10. Ng5 h6 11. f3 Bc5+ 12. Kh1 Bh5 13. Nh3 Bg6 14. Nb3 Bd6 15. g4 f6 16. Qg3 Bf7 17. Bxh6 gxh6 18. g5 hxg5 19. hxg5 f5 20. f4 Bg6 21. d4 exf4 22. Rxf4 fxe4 0-1

[Event "94th Tradewise Hastings Congress"]
[Site "Hastings"]
[Date "2018.12.31"]
[Round "4"]
[White "Rahulan, Thivyaa"]
[Black "Nettleton, Charlie B"]
[Result "0-1"]
[ECO "B06"]
[WhiteElo "1814"]
[BlackElo "2059"]
[Annotator "NA RC"]
[PlyCount "90"]
[EventDate "2018.12.28"]
[EventType "swiss"]
[EventCountry "ENG"]
[SourceTitle "playchess.com"]
[Source "ChessBase"]
[SourceQuality "1"]
[TimeControl "40/6000+30:3000+30"]

1. e4 g6 2. d4 Bg7 3. Nc3 d6 4. h3 a6 5. a4 b6 {[%emt 0:02:12] B06: Modern Defence} 6. Nf3 (6. g4 Bb7 7. Bg2 e6 8. Nge2 Nd7 9. Be3 h5 10. Rg1 hxg4 11. hxg4 c5 12. Qd2 Ne7 13. f4 cxd4 14. Nxd4 {½-½ (32) Chigaev,M (2542)-Dubov,D (2666) Kolomna 2016}) 6... Bb7 7. Bf4 e6 8. Bg5 $146 ({Predecessor:} 8. Be2 Nd7 9. O-O Ne7 10. e5 d5 11. b4 c5 12. b5 a5 {½-½ (30) Andersson,C (2170)-Vasilevich,T (2385) Reykjavik 2006}) 8... Ne7 9. Be2 h6 10. Be3 Nd7 11. Qd2 Nf6 12. Bd3 c5 13. O-O c4 14. Bxc4 Nxe4 15. Nxe4 Bxe4 16. Be2 Nf5 17. c3 O-O 18. Rfe1 Qc7 19. Nh2 Qb7 20. Bf3 Bxf3 21. Nxf3 Qd5 22. Qd3 b5 23. Nd2 e5 24. Ne4 Nxe3 25. fxe3 f5 26. Nd2 e4 27. Qe2 Qc6 28. axb5 axb5 29. Rf1 d5 30. Nb3 Qc4 31. Qc2 Rxa1 32. Rxa1 f4 33. Nc5 b4 34. Ne6 Rf7 35. Nxf4 Bxd4 36. Nxd5 Bc5 37. Qd2 b3 38. Nb4 Kg7 39. Rc1 h5 40. Rd1 Rb7 41. h4 Qe6 42. Nd5 Qg4 43. Qe1 Rf7 $11 44. Kh1 Bd6 45. c4 Rf1+ 0-1

[Event "94th Tradewise Hastings Congress"]
[Site "Hastings"]
[Date "2019.01.01"]
[Round "5"]
[White "Sugden, John N"]
[Black "Ruane, Brendan J"]
[Result "1/2-1/2"]
[ECO "D31"]
[WhiteElo "2072"]
[BlackElo "1870"]
[Annotator "NA RC"]
[PlyCount "83"]
[EventDate "2018.12.28"]
[EventType "swiss"]
[EventCountry "ENG"]
[SourceTitle "playchess.com"]
[Source "ChessBase"]
[SourceQuality "1"]
[TimeControl "40/6000+30:3000+30"]

1. d4 d5 2. c4 e6 3. Nc3 a6 4. cxd5 exd5 5. Bf4 {[%emt 0:00:23] D31: Queen's Gambit Declined: Semi-Slav without ...Nf6 (+ Marshall Gambit and Noteboom) and Exchange Variation lines without ...Nf6} Nf6 6. e3 Bd6 7. Bxd6 (7. Bg5 Be6 8. Bd3 Nbd7 9. f4 h6 10. Bh4 g5 11. fxg5 hxg5 12. Bxg5 Rxh2 13. Rxh2 Bxh2 {1-0 (69) Yu,Y (2762)-Fedoseev,V (2707) Danzhou 2018}) 7... Qxd6 8. Bd3 O-O 9. Nf3 Be6 $146 10. Qc2 h6 11. O-O Nbd7 12. Rac1 Rfc8 13. Na4 b6 14. Qe2 Bg4 15. b3 Ne4 16. Qc2 (16. h3 $14 Bxf3 17. gxf3) 16... Bxf3 17. gxf3 Ng5 18. f4 Nh3+ 19. Kg2 Nxf4+ 20. exf4 Qxf4 21. Bf5 Rd8 22. Bxd7 Rxd7 23. Qd3 Rd6 24. Nc3 Re8 25. Ne2 Qg4+ 26. Ng3 Rde6 27. Rxc7 Rg6 28. Qf3 Qe6 29. Qe3 Qxe3 30. fxe3 Rxe3 31. Rcxf7 h5 (31... Rd3 {was called for.} 32. R7f4 Kh7) 32. R7f4 Rh6 33. R1f3 Re1 34. Kf2 Rc1 35. Re3 h4 36. Nf5 Rh5 37. Re5 g5 38. Ne7+ Kg7 39. Rff5 Rc2+ 40. Re2 Rc3 41. Nxd5 Rd3 42. Re7+ 1/2-1/2

[Event "94th Tradewise Hastings Congress"]
[Site "Hastings"]
[Date "2019.01.01"]
[Round "5"]
[White "Rayner, Francis"]
[Black "Gu, In Jung"]
[Result "1/2-1/2"]
[ECO "B84"]
[WhiteElo "2048"]
[BlackElo "1794"]
[Annotator "NA RC"]
[PlyCount "222"]
[EventDate "2018.12.28"]
[EventType "swiss"]
[EventCountry "ENG"]
[SourceTitle "playchess.com"]
[Source "ChessBase"]
[SourceQuality "1"]
[TimeControl "40/6000+30:3000+30"]

1. e4 c5 2. Nf3 d6 3. d4 cxd4 4. Nxd4 Nf6 5. Nc3 a6 6. Bg5 e6 7. Be2 Nbd7 8. O-O Qc7 9. a4 {[%emt 0:09:57] B84: Sicilian Scheveningen: 6 Be2 a6, lines without early Be3} (9. Qd3 h6 10. Bd2 b5 11. b4 Ne5 12. Qg3 Nc4 13. Bc1 Nb6 14. Rd1 Bd7 15. Bb2 Nc4 16. Bxc4 Qxc4 {½-½ (55) Glazman,M (2577)-Wilczek,T (2597) ICCF email 2012}) 9... Be7 10. Kh1 b6 11. Bd3 Bb7 12. Qe2 h6 $146 ({Predecessor:} 12... h5 13. Rae1 h4 14. h3 Ne5 15. Nf3 {0-1 (41) Kirnos,E (2172)-Schmitz,P (2143) Germany 2015}) 13. Bd2 Nc5 14. f4 Nfd7 15. f5 e5 16. Nf3 Nf6 17. b4 Ncd7 18. Bc4 O-O 19. Bb3 a5 20. b5 Nc5 (20... Rfc8 $17 21. Rae1 Nc5) 21. Nd5 Nxd5 22. Bxd5 Bxd5 23. exd5 Bf6 24. Be3 Rac8 25. Nd2 Rfe8 (25... Nd7 $11 {remains equal.}) 26. Ra2 Qe7 27. Nc4 Qc7 28. Nd2 Kf8 29. Qg4 Ke7 30. Re1 Kd7 (30... Kf8 $11) 31. h3 Qb7 32. Nc4 (32. c4 $16) 32... Ke7 33. Rd1 Rc7 34. Nd2 Rec8 35. c4 Nd7 36. Rc1 Rh8 37. Qh5 Rcc8 38. Ne4 Rc7 39. Rac2 Rhc8 40. Qf3 Bg5 {[%emt 0:02:46] [#]} (40... Qb8 $16 {is a better defense.} 41. Kg1 Rb7) 41. Nxg5 (41. f6+ $1 $18 Bxf6 (41... Nxf6 42. Bxg5) 42. Ng3) 41... hxg5 42. Bxg5+ f6 43. Be3 Rh8 44. Qg4 Rh7 45. Qg6 Nf8 {[%emt 0:00:00] [#]} 46. Qg3 $1 Nd7 47. Qf2 Rc8 48. Qf3 Nc5 49. Bxc5 Rxc5 50. Re2 Rc8 51. Re4 Qc7 52. Qf2 Rch8 53. Rg4 Kf8 54. Rc3 Rh5 55. Rcg3 R5h7 56. Kh2 Ke8 57. Rf3 Kf8 58. h4 Ke8 59. Rh3 Kf8 60. Re4 Ke8 61. g4 Kd8 62. Kg3 Kc8 63. Qe3 Qd8 64. Rh2 Kb7 65. h5 Qc7 66. Rc2 Rc8 67. Kf3 Qd7 68. Qf2 Rch8 69. Ke2 Qc8 70. Kd3 Qc7 71. Kc3 Rc8 72. Kb3 Rch8 73. Rc3 Rc8 74. Re1 Rch8 75. Qe3 Rh6 76. Rh1 R6h7 77. Rh3 Ka7 78. Rc2 Kb7 79. Rh4 Ka7 80. Rhh2 Kb7 $1 81. Rhd2 Rc8 82. Rh2 (82. Rc3 $16) 82... Rch8 83. Qg1 Rh6 84. Rhg2 Rf8 85. Rc3 Rh7 86. Rcg3 Rc8 87. Rc2 Rf8 88. Rcc3 Ka7 89. Rh3 Rfh8 90. Rh4 Kb7 91. Rg3 Qc8 92. Qe3 Qd7 93. Qf3 Qc7 94. Qf2 Rc8 95. g5 (95. Rc3 $16) 95... Rf8 (95... Rxh5 $1 $11 96. Rgg4 (96. Rxh5 $2 Qxc4+ 97. Ka3 Qb4+ 98. Ka2 Qxa4+ 99. Kb2 Qd1 $17) 96... Rxg5) 96. gxf6 Rxf6 97. Rhg4 Rxh5 $2 (97... Rf7 $16) 98. Rxg7 Rf7 99. f6 (99. Rxf7 $142 Qxf7 100. f6 Qf8 101. Rg7+ Ka8 102. Qg3 (102. Qxb6 Rh3+ 103. Kc2 Rh2+ 104. Kd1 Rh1+ 105. Kc2 Rh2+ 106. Kb1 Rh1+ 107. Rg1 Rxg1+ 108. Qxg1 Qxf6 $16) 102... Qxf6 103. Rg6 Qf7 104. Rg8+ Kb7 105. Rg7) 99... Rh7 100. Qg1 Qd7 101. Rxh7 Rxh7 102. Rg7 {[%emt 0:00:13] Trapped Piece} Rxg7 103. Qxg7 Kc8 $1 104. Qg8+ $2 Kc7 105. Qg7 Kc8 106. f7 {[%emt 0:00:42] mates} Qh3+ 107. Kc2 (107. Kb2 Qh2+ 108. Kc3 Qh3+ 109. Kd2 Qh2+ 110. Kd3 Qh3+ 111. Ke4 Qh1+ 112. Kf5 Qh3+ 113. Kg6) 107... Qf5+ 108. Kd2 Qf2+ 109. Kd1 Qf1+ $11 110. Kd2 Qf2+ 111. Kd1 Kc7 1/2-1/2